 Dungeon Crawl Stone Soup version 0.24.0-13-gcf9b319 (webtiles) character file.

Game seed: 9861286293104840786, levelgen mode: deterministic

122 Bronimir the Vexing (level 5, 0/30 HPs)
             Began as a Kobold Arcane Marksman on Apr 1, 2020.
             Succumbed to an adder's poison
             ... on level 3 of the Dungeon.
             The game lasted 00:07:25 (3070 turns).

Bronimir the Vexing (Kobold Arcane Marksman)        Turns: 3070, Time: 00:07:25

Health: 0/30       AC:  4    Str: 13    XL:     5   Next: 27%
Magic:  6/6        EV: 16    Int: 15    God:
Gold:   121        SH:  0    Dex: 15    Spells: 3/6 levels left

rFire    . . .     SeeInvis .   b - +0 short sword
rCold    . . .     Gourm    .   (shield restricted)
rNeg     . . .     Faith    .   e - +0 robe
rPois    .         Spirit   .   h - +1 helmet
rElec    .         Reflect  .   (no cloak)
rCorr    .         Harm     .   (no gloves)
MR       .....                  (no boots)
Stlth    +.........             (no amulet)
HPRegen  0.10/turn              (no ring)
MPRegen  0.10/turn              (no ring)

@: mighty, lethally poisoned (0 -> -4)
A: small, carnivore
a: no special abilities


You were on level 3 of the Dungeon.
You were not hungry.

You visited 1 branch of the dungeon, and saw 3 of its levels.

You collected 121 gold pieces.

Inventory:

Hand Weapons
 a - a +0 hand crossbow
 b - a +0 short sword (weapon)
 r - a +0 falchion
Missiles
 d - 14 bolts
 g - 41 arrows
 j - 64 stones (quivered)
 m - 21 sling bullets
 o - 6 javelins
Armour
 c - a +0 ring mail
 e - a +0 robe (worn)
 h - a +1 helmet (worn)
 n - a +0 ring mail
Scrolls
 i - a scroll of teleportation {unknown}
 k - a scroll of magic mapping {unknown}
 l - a scroll of remove curse {unknown}
 p - a scroll of random uselessness {unknown}
 s - a scroll of identify {unknown}
 t - a scroll of fear {unknown}
Comestibles
 f - 7 rations


   Skills:
 + Level 1.8 Fighting
 * Level 2.3 Short Blades
 * Level 3.4 Crossbows
 + Level 3.2 Dodging
 + Level 0.2 Stealth
 + Level 1.2 Spellcasting
 * Level 4.0 Hexes


You had 3 spell levels left.
You knew the following spells:

 Your Spells              Type           Power        Failure   Level  Hunger
a - Corona                Hex            ##.....      4%          1    ##.....
b - Slow                  Hex            ##......     7%          2    ###....

Your spell library contained the following spells:

 Spells                   Type           Power        Failure   Level  Hunger
 Beastly Appendage        Tmut           #.....       24%         1    ##.....
 Inner Flame              Hex/Fire       #.......     32%         3    ####...
 Portal Projectile        Hex/Tloc       #.....       32%         3    ####...
 Sticks to Snakes         Tmut           #.......     36%         2    ###....
 Spider Form              Tmut/Pois      #.........   58%         3    ####...
 Cause Fear               Hex            ##........   41%         4    #####..
 Leda's Liquefaction      Hex/Erth       #.........   71%         4    #####..
 Ice Form                 Ice/Tmut       #.......     94%         4    #####..
 Blade Hands              Tmut           #.........   100%        5    ######.


Dungeon Overview and Level Annotations

Branches:
Dungeon (3/15)

Altars:


Innate Abilities, Weirdness & Mutations

You are small and have problems with some larger weapons.
You are carnivorous and can eat meat at any time.


Message History

The adder bites you but does no damage.
You hit the adder.
You kill the adder!
* * * LOW HITPOINT WARNING * * *
You feel sick. The bat barely misses you. The bat closely misses you.
The adder misses you.
You puncture the bat!
You kill the bat!
The adder misses you.
You puncture the orc!
You kill the orc!
* * * LOW HITPOINT WARNING * * *
You feel sick. The adder misses you. The adder closely misses you.
Things that are here:
a +0 club; a +0 dagger; an adder corpse
* * * LOW HITPOINT WARNING * * *
You feel sick. The adder closely misses you.
You aren't carrying any potions.
You die...

#..##.##.#
##.##.##.#
##.##.##.#
#..#..##.#
♣.♣#.###.#
♣.♣....#.#
♣.♣#.#.#.# .
♣.♣#.#.#.# .#
♣@♣#.#.#.# ..
♣.♣#.#.#.# #.
♣S♣#.#.#.#
..##.o###♣o♣...)..#
......go.♣.♣#......#
..##..###g.##......#
#...............#
##.###.####.....#
#♣# ♣.#.#.#


You could see an adder, an orc and a hobgoblin.

Vanquished Creatures
  An orc wizard (D:3)
  3 adders
  An ooze (D:1)
  3 dart slugs (D:2)
  2 leopard geckos
  6 orcs (D:3)
  3 giant cockroaches
  6 hobgoblins
  3 jackals (D:3)
  3 kobolds
  3 quokkas
  7 bats
  4 frilled lizards
  3 goblins
  3 rats
  A bush (D:3)
  A plant (D:3)
53 creatures vanquished.

Notes
Turn   | Place    | Note
-------+----------+-------------------------------------------
     0 | D:1      | Bronimir the Kobold Arcane Marksman began the quest for the
                  | Orb.
     0 | D:1      | Reached XP level 1. HP: 12/12 MP: 2/2
   188 | D:1      | Reached XP level 2. HP: 16/16 MP: 3/3
   927 | D:2      | Reached XP level 3. HP: 20/20 MP: 4/4
   934 | D:2      | Learned a level 2 spell: Slow
  1533 | D:2      | Reached XP level 4. HP: 19/25 MP: 5/5
  1995 | D:3      | Reached skill level 1 in Short Blades
  2577 | D:3      | HP: 1/25 [goblin/cursed -1 hunting sling (3)]
  2613 | D:3      | Reached skill level 4 in Hexes
  2615 | D:3      | Reached XP level 5. HP: 6/29 MP: 2/6
  3064 | D:3      | HP: 1/30 [poisoned by an adder]
  3070 | D:3      | Succumbed to an adder's poison

Levels and vault maps discovered:
D:1:      tarquinn_simple_flora_water_d, layout_loops_corners, st_stairs_4,
          kennysheep_nondescript
D:2:      wander_river, layout_basic, first_ration
D:3:      layout_loops_ring, minitemple, overflow_temple_1_default,
          serial_forest, infiniplex_forest_zigzag_1,
          infiniplex_forest_straight_3, infiniplex_forest_lined_2,
          infiniplex_forest_straight_4, infiniplex_forest_pool,
          infiniplex_forest_straight_2, infiniplex_forest_clump_medium,
          infiniplex_forest_lined_room_3

Skill      XL: |  1  2  3  4  5 |
---------------+----------------+-----
Crossbows      | 3 |  3.4
Dodging        | 3 |  3.2
Short Blades   | 1 2 |  2.3
Hexes          | 4 |  4.0
Fighting       | |  1.8
Stealth        | |  0.2
Spellcasting   | |  1.2

Action                   |  1- 3 |  4- 6 || total
-------------------------+-------+-------++-------
Melee: Short sword       |    33 |   460 ||   493
 Fire: Hand crossbow     |    41 |       ||    41
 Cast: Corona            |       |     3 ||     3
       Slow              |       |     1 ||     1
  Use: Potion            |       |     5 ||     5
 Stab: Sleeping          |     1 |       ||     1
       Invisible         |       |     2 ||     2
  Eat: Chunk             |     1 |    11 ||    12
Armor: Robe              |     9 |    24 ||    33
       Skin              |       |     9 ||     9
Dodge: Dodged            |    30 |   131 ||   161
